 Dungeon Crawl Stone Soup version 0.31-a0-246-g8cbcc1cb85 (webtiles) character file.

Game seed: 7758093733163382190

123 qw the Shooter (level 5, 0/30 HPs)
             Began as a Gargoyle Hexslinger on July 12, 2023.
             Slain by an orc
             ... wielding a +0 short sword
              (3 damage)
             ... on level 3 of the Dungeon.
             The game lasted 00:00:47 (1280 turns).

qw the Shooter (Gargoyle Hexslinger)                Turns: 1280, Time: 00:00:48

Health: 0/30       AC: 11    Str: 12    XL:     5   Next: 7%
Magic:  6/6        EV: 10    Int: 13    God:
Gold:   159        SH:  0    Dex: 14    Spells: 5/6 levels left

rFire   . . .        Y - +1 sling
rCold   . . .        (no shield)
rNeg    + . .        a - +0 ring mail
rPois   inf          (no helmet)
rElec   +            (no cloak)
rCorr   .            g - +0 pair of gloves
SInv    .            c - +0 pair of boots
Will    .....        (no amulet)
Stlth   +            (no ring)
HPRegen 0.25/turn    (no ring)
MPRegen 0.10/turn

%: no passive effects
@: no status effects
A: sickness immunity, AC +4, negative energy resistance 1, electricity
resistance, torment resistance 1, petrification resistance
a: no special abilities


You were on level 3 of the Dungeon.
You visited 1 branch of the dungeon, and saw 3 of its levels.

You collected 159 gold pieces.


Innate Abilities, Weirdness & Mutations

You are immune to sickness and miasma.
Your stone body is resilient. (AC +4)
You are immune to poison.
You resist negative energy. (rN+)
You are resistant to electric shocks. (rElec)
You are resistant to unholy torment.
You are immune to petrification.


   Skills:
 - Level 2.0 Fighting
 + Level 4.6 Ranged Weapons
 - Level 1.0 Armour
 - Level 1.5 Dodging
 - Level 1.0 Spellcasting
 - Level 2.6 Hexes


You had 5 spell levels left.
You knew the following spells:

 Your Spells              Type           Power      Damage    Failure   Level
a - Slow                  Hex            28%        N/A       22%         1

Your spell library contained the following spells:

 Spells                   Type           Power      Damage    Failure   Level
 Inner Flame              Hex/Fire       4%         N/A       73%         3
 Portal Projectile        Hex/Tloc       8%         N/A       73%         3
 Cause Fear               Hex            3%         N/A       91%         4

Inventory:

Hand Weapons
 Y - a +1 sling (weapon)
Armour
 a - a +0 ring mail (worn)
 c - a +0 pair of boots (worn)
 g - a +0 pair of gloves (worn)
Potions
 e - a potion of might

Dungeon Overview and Level Annotations

Branches:
Dungeon (3/15)

Altars:
Fedhas

Shops:
D:2 :


Message History

The sling bullet hits the gnoll but does no damage.
The gnoll is severely wounded.
The rat misses you. The gnoll hits you with a +0 club.
The gnoll hits you but does no damage.
An orc comes into view. It is wielding a +0 whip.
You shoot a sling bullet.
The sling bullet closely misses the gnoll.
The rat closely misses you.
The gnoll hits you but does no damage. x2
An orc comes into view. It is wielding a +0 short sword.
You shoot a sling bullet.
The sling bullet closely misses the gnoll.
The rat bites you but does no damage. The gnoll barely misses you. x2
The rat barely misses you. The gnoll hits you but does no damage.
The gnoll hits you with a +0 whip.
You shoot a sling bullet. The sling bullet hits the gnoll.
You kill the gnoll!
The rat bites you but does no damage. The gnoll barely misses you.
You have reached level 5!
You shoot a sling bullet. The sling bullet hits the gnoll.
The gnoll is heavily wounded.
The rat bites you but does no damage.
An orc comes into view. It is wielding a +0 flail.
The gnoll hits you with a +0 whip.
You shoot a sling bullet.
The sling bullet closely misses the gnoll.
The sling bullet barely misses the orc.
The orc shouts!
The rat bites you but does no damage. The gnoll barely misses you.
The rat bites you but does no damage. The gnoll closely misses you.
You shoot a sling bullet.
The sling bullet closely misses the gnoll.
The sling bullet hits the orc.
The orc is heavily wounded.
The rat closely misses you. The gnoll barely misses you.
The orc hits you but does no damage.
You shoot a sling bullet. The sling bullet hits the gnoll.
The gnoll is almost dead.
The rat bites you but does no damage. The orc hits you but does no damage.
The orc hits you with a +0 short sword.
You die...

...............
...............
...............
...............
.....o.........
...............
......)go.$....
######..o@r......
...PPP.%........
#P.PPP.........
#PP_PP.........
#.PPPP..........
#.PPP............
#.#..............
#.##.............
#.............


You could see a gnoll, 3 orcs and a rat.

Vanquished Creatures
  3 gnolls (D:3)
  3 adders
  A worm (D:3)
  A dart slug (D:3)
  3 ball pythons
  6 endoplasms
  2 giant cockroaches (D:1)
  9 goblins
  5 hobgoblins
  3 jackals (D:3)
  5 quokkas
  4 bats
  3 frilled lizards (D:1)
  5 kobolds
  5 rats
58 creatures vanquished.

Notes
Turn   | Place    | Note
-------+----------+-------------------------------------------
     0 | D:1      | qw the Gargoyle Hexslinger began the quest for the Orb.
     0 | D:1      | Reached XP level 1. HP: 12/12 MP: 2/2
     0 | D:1      | 0 ||| qw: Version: 0.3-a-52-g30416fa
     0 | D:1      | 0 ||| qw: Game counter: 6506
     0 | D:1      | 0 ||| qw: Melee chars always use a shield: true
     0 | D:1      | 0 ||| qw: God list: Okawaru
     0 | D:1      | 0 ||| qw: Allow faded altars: false
     0 | D:1      | 0 ||| qw: Do Orc after clearing Dungeon:15 true
     0 | D:1      | 0 ||| qw: Do second Lair branch before Depths: true
     0 | D:1      | 0 ||| qw: Lair rune preference: random
     0 | D:1      | 0 ||| qw: Goals: Normal
     0 | D:1      | 0 ||| PLANNING D:1-11
    51 | D:1      | Reached XP level 2. HP: 16/16 MP: 3/3
   176 | D:1      | Reached skill level 3 in Ranged Weapons
   339 | D:1      | Reached XP level 3. HP: 21/21 MP: 4/4
   531 | D:1      | 531 ||| UPGRADING to +0 leather armour.
   541 | D:1      | 541 ||| DROPPING +0 robe.
   542 | D:1      | 542 ||| UPGRADING to +0 pair of gloves.
   547 | D:1      | 547 ||| READING 2 scrolls labelled SAQIACHIGE.
   548 | D:1      | 548 ||| DRINKING 2 viscous pink potions.
   549 | D:1      | 549 ||| DROPPING scroll of fear.
   550 | D:1      | 550 ||| DROPPING scroll of poison.
   560 | D:2      | 560 ||| STAIRDANCE
   645 | D:2      | Found Kuydgh's Book Shop.
   687 | D:2      | Found a faded altar of an unknown god.
   794 | D:2      | Reached XP level 4. HP: 23/26 MP: 5/5
   814 | D:2      | Reached skill level 4 in Ranged Weapons
   965 | D:2      | 965 ||| Stepping ~*~*~tactically~*~*~ (outnumbered).
  1134 | D:2      | 1134 ||| UPGRADING to +0 ring mail.
  1144 | D:2      | 1144 ||| UPGRADING to +0 pair of boots.
  1149 | D:2      | 1149 ||| DROPPING +0 leather armour.
  1150 | D:2      | 1150 ||| READING scroll labelled YXTYGHEZUC.
  1244 | D:3      | Found a blossoming altar of Fedhas.
  1260 | D:3      | Reached skill level 1 in Armour
  1273 | D:3      | HP: 5/26 [gnoll/+0 club (3)]
  1277 | D:3      | Reached XP level 5. HP: 6/30 MP: 6/6
  1277 | D:3      | HP: 2/30 [gnoll/+0 whip (5)]
  1280 | D:3      | Slain by an orc

Levels and vault maps discovered:
D:1:      ebering_trefoil_twist, layout_rooms
D:2:      layout_basic, chequers_ecumenical_altar_simple_redux, serial_shops,
          nicolae_shop_behind_doors, st_stairs_9
D:3:      lemuel_castle_with_subvaults [lemuel_castle_interior_original],
          layout_basic, fedhas_altar_3, uniq_jessica

Skill      XL: |  1  2  3  4 |
---------------+-------------+-----
Ranged Weapons | 3 4 |  4.6
Fighting       | 2 |  2.0
Armour         | 1 |  1.0
Dodging        | |  1.5
Spellcasting   | |  1.0
Hexes          | |  2.6

Action                     |  1- 3 |  4- 6 || total
---------------------------+-------+-------++-------
   Fire: Sling             |   144 |    76 ||   220
    Use: Scroll            |     1 |     1 ||     2
         Potion            |     1 |       ||     1
 Armour: Robe              |    24 |       ||    24
         Leather armour    |    11 |     6 ||    17
         Ring mail         |       |    41 ||    41
  Dodge: Dodged            |    68 |    56 ||   124

Table legend:
 A = Non-vault XP
 B = Vault XP
 C = Vault XP percentage of total XP
 D = Non-vault monster count
 E = Vault monster count
 F = Vault count percentage of total count
                 A         B        C        D         E       F
            +---------+---------+-------+---------+---------+-------
      Total |     160 |      16 |   9.1 |      55 |       3 |   5.2
            +---------+---------+-------+---------+---------+-------
        D:1 |      59 |      15 |  20.3 |      29 |       2 |   6.5
        D:2 |      38 |       1 |   2.6 |      16 |       1 |   5.9
        D:3 |      63 |       0 |   0.0 |      10 |       0 |   0.0
            +---------+---------+-------+---------+---------+-------
